Map: Lerilak Crest

Players

Javert

  • Race: Zerg Zerg
  • League: Gold

Sahasrara - Winner!

  • Race: Protoss Protoss
  • League: Gold

VOD

Have the link to the VOD?

Description

Time

  • Played on: Sept. 26, 2015, 7:29 p.m.
  • Length: 9:39
Show
View Real Time Build Order
Export as new Build Order

Javert Zerg 

Build Orders: Hatch First 

Get SALT Encoding   

  12  0:02  Drone  
  13  0:12  Overlord  
  13  0:19  Drone  
  14  0:32  Drone x2  
  16  0:38  Drone  
  17  0:46  Drone  
  18  0:59  Hatchery  
  18  1:04  Drone  
  18  1:07  Extractor  
  17  1:12  Drone  
  18  1:21  Drone  
  19  1:31  Spawning Pool  
  19  1:32  Drone  
  19  1:40  Drone  
  20  2:19  Queen  
  20  2:20  Queen  
  20  2:21  Metabolic Boost  
  20  2:22  Hatchery  
  23  2:26  Zergling x4  
  25  2:32  Overlord  
  25  2:43  Drone x3  
  28  2:51  Overlord  
  28  3:02  Queen  
  28  3:05  Drone x3  
  33  3:13  Overlord  
  33  3:16  Drone x2  
  35  3:20  Drone x2  
  37  3:33  Drone  
  37  3:34  Drone x5  
  42  3:45  Zergling x10  
  42  3:46  Zergling x2  
  48  3:52  Extractor  
  47  3:57  Roach Warren  
  46  4:03  Zergling x2  
  46  4:04  Zergling x6  
  50  4:19  Drone x8  
  50  4:20  Lair  
  58  4:25  Overlord  
  58  4:31  Overlord x2  
  58  4:35  Extractor x2  
  56  4:39  Evolution Chamber  
  56  4:42  Evolution Chamber  
  54  4:50  Spine Crawler  
  53  4:53  Spine Crawler  
  52  5:00  Roach  
  52  5:01  Roach x4  
  62  5:12  Drone x4  
  66  5:24  Spore Crawler, Overlord  
  65  5:30  Roach x3  
  65  5:31  Roach  
  73  5:39  Spine Crawler  
  72  5:44  Overlord  
  62  6:08  Roach x6  
  62  6:09  Roach x7  
  86  6:14  Glial Reconstitution  
  86  6:22  Zerg Missile Weapons Level 1  
  86  6:28  Drone  
  86  6:29  Drone x2  
  86  6:31  Overlord x2  
  89  6:39  Hydralisk Den  
  88  6:44  Drone  
  89  6:48  Overlord x2  
  89  6:52  Drone x4  
  93  6:56  Burrow  
  93  7:01  Overlord  
  93  7:07  Drone x5  
  98  7:13  Muscular Augments  
  98  7:22  Drone x6  
  104  7:29  Zerg Ground Armor Level 1  
  104  7:34  Tunneling Claws  
  104  7:39  Overlord  
  104  7:41  Drone x5  
  109  7:48  Ravager x3  
  109  7:49  Ravager  
  113  7:52  Drone  
  113  7:53  Drone x7  
  113  7:56  Extractor  
  113  7:57  Extractor  
  119  7:58  Overseer  
  119  8:00  Overlord  
  119  8:05  Overseer  
  119  8:07  Hydralisk x2  
  119  8:09  Overlord x2  
  119  8:10  Drone  
  119  8:11  Drone  
  123  8:39  Hydralisk x2  
  123  8:40  Hydralisk x5  
  137  8:55  Zergling x4  
  136  8:56  Zergling x24  
  136  8:59  Overlord  
  149  9:08  Hydralisk x8  
  149  9:13  Roach x15  
Show
View Real Time Build Order
Export as new Build Order

Sahasrara Protoss - Winner!

Build Orders: Nexus First 

Get SALT Encoding   

  12  0:02  Probe (Chrono Boost)  
  13  0:12  Probe (Chrono Boost)  
  14  0:20  Pylon  
  14  0:23  Probe (Chrono Boost)  
  15  0:38  Probe (Chrono Boost)  
  16  0:48  Probe (Chrono Boost)  
  17  0:58  Nexus  
  17  1:02  Probe (Chrono Boost)  
  18  1:12  Probe (Chrono Boost)  
  18  1:15  Gateway  
  19  1:19  Assimilator  
  19  1:22  Probe (Chrono Boost)  
  20  1:29  Assimilator  
  20  1:32  Probe (Chrono Boost)  
  21  1:43  Probe (Chrono Boost)  
  21  1:46  Pylon  
  22  1:53  Probe (Chrono Boost)  
  23  2:03  Cybernetics Core, Probe (Chrono Boost)  
  24  2:13  Probe (Chrono Boost)  
  25  2:22  Probe (Chrono Boost)  
  26  2:23  Probe (Chrono Boost)  
  27  2:31  Probe (Chrono Boost)  
  27  2:33  Probe (Chrono Boost)  
  29  2:41  Probe (Chrono Boost)  
  29  2:42  Adept  
  29  2:43  Probe (Chrono Boost)  
  33  2:51  Mothership Core (Chrono Boost)  
  33  2:53  Probe (Chrono Boost)  
  33  2:54  Robotics Facility  
  36  2:59  Gateway  
  36  3:03  Probe (Chrono Boost)  
  36  3:04  Pylon  
  37  3:09  Warp Gate (Chrono Boost)  
  37  3:15  Adept  
  39  3:22  Probe  
  39  3:26  Gateway  
  40  3:31  Probe, Pylon  
  42  3:34  Probe  
  42  3:41  Probe  
  42  3:42  Observer  
  42  3:46  Probe  
  42  3:48  Adept  
  47  3:51  Probe  
  47  3:52  Adept  
  50  3:58  Probe, Pylon  
  50  4:01  Probe  
  50  4:02  Warp Prism  
  54  4:10  Probe, Assimilator  
  54  4:14  Assimilator  
  54  4:15  Probe  
  55  4:22  Probe  
  57  4:38  Gateway  
  57  4:39  Gateway  
  57  4:40  Gateway  
  57  4:43  Gateway  
  57  4:46  Gateway  
  57  4:47  Pylon  
  57  4:50  Pylon  
  57  4:56  Immortal  
  61  5:02  Stalker x2  
  65  5:31  Robotics Bay  
  65  5:36  Pylon  
  65  5:41  Immortal  
  69  5:50  Zealot x4  
  69  5:51  Zealot x2  
  61  6:12  Adept x3  
  61  6:13  Adept x5  
  61  6:18  Colossus  
  77  6:20  Twilight Council  
  77  6:24  Extended Thermal Lance (Chrono Boost)  
  83  6:35  Adept x5  
  93  6:52  Pylon  
  93  6:55  Pylon  
  93  6:57  Pylon  
  93  7:00  Pylon  
  93  7:01  Pylon  
  93  7:06  Colossus  
  93  7:20  Adept  
  93  7:21  Adept x3  
  93  7:22  Adept  
  109  7:25  Adept  
  111  7:31  Shield Upgrade (Chrono Boost)  
  111  7:45  Stalker x4  
  111  7:46  Stalker  
  121  7:51  Stalker  
  121  7:54  Colossus  
  129  8:12  Adept  
  129  8:13  Adept  
  133  8:23  Pylon  
  133  8:24  Pylon  
  133  8:43  Stalker x5  
  143  8:59  Adept x3  
Tags
 
Add a new tag
Caveats
  • Supply blocks, unpowered buildings, or Contaminate may cause inaccurate times.
  • Supply counts are checked every 10 seconds.